 Dungeon Crawl Stone Soup version 0.31.0-32-g396128a36d (webtiles) character file.

Game seed: 11000682897073955180

416 spaghetti the Magician (level 6, -1/41 HPs)
             Began as a Demonspawn Summoner on Mar 10, 2024.
             Slain by a gnoll
             ... wielding a +0 halberd
              (13 damage)
             ... on level 5 of the Dungeon.
             The game lasted 00:04:48 (4143 turns).

spaghetti the Magician (Demonspawn Summoner)        Turns: 4143, Time: 00:04:49

Health: -1/41      AC:  2    Str: 18    XL:     6   Next: 60%
Magic:  11/21      EV: 12    Int: 17    God:
Gold:   342        SH:  0    Dex: 12    Spells: 1/15 levels left

rFire   + + .        d - +0 dagger
rCold   . . .        (no shield)
rNeg    + . .        a - +0 robe
rPois   .            (helmet restricted)
rElec   .            (no cloak)
rCorr   +            (no gloves)
SInv    .            (no boots)
Will    .....        h
                       - Hermit's Pendant {Faith Invo=14 Evo=0 MP+5}
Stlth   ++           e - ring of fire
HPRegen 0.26/turn    c - ring "Miynkyox" {rC+ rN+ rCorr Str+6}
MPRegen 0.17/turn

%: faith
@: on berserk cooldown, very slightly contaminated, slowed, very slow
A: antennae 1, ignite blood 1, demonic magic 1, fire resistance 1, strong 1
a: no special abilities


You were on level 5 of the Dungeon.
You visited 1 branch of the dungeon, and saw 5 of its levels.

You collected 342 gold pieces.

Inventory:

Hand Weapons
 d - a +0 dagger (weapon)
Armour
 a - a +0 robe (worn)
Jewellery
 c - the ring "Miynkyox" (right hand) {rC+ rN+ rCorr Str+6}
   (You found it on level 3 of the Dungeon)

   [ring of strength]

   Str+6:     It affects your strength (+6).
   rC+:       It protects you from cold.
   rN+:       It protects you from negative energy.
   rCorr:     It protects you from acid and corrosion.
 e - a ring of fire (left hand)
 h - the Hermit's Pendant (around neck) {Faith Invo=14 Evo=0 MP+5}
   (You found it on level 4 of the Dungeon)

   [amulet of faith]

   Invo=14: It sets your Invocations skill to 14.
   Evo=0: It sets your Evocations skill to 0.
   Faith:     It allows you to gain divine favour quickly.
   MP+5:      It affects your magic capacity (+5).
 k - a ring of poison resistance
Scrolls
 g - 3 scrolls of identify {unknown}
 i - a scroll of teleportation
 l - a scroll of immolation {unknown}
 m - a scroll of revelation
 n - a scroll of amnesia {unknown}
 o - a scroll of acquirement {unknown}
Potions
 b - a potion of magic
 f - a potion of mutation
 j - a potion of curing


   Skills:
 - Level 1.7 Dodging
 - Level 1.7 Stealth
 - Level 5.0 Spellcasting
 - Level 5.0 Summonings
 + Level 3.0 Fire Magic


You had one spell level left.
You knew the following spells:

 Your Spells              Type           Power      Damage    Failure   Level
a - Summon Small Mammal   Summ           84%        N/A       1%          1
b - Call Imp              Summ           42%        N/A       2%          2
c - Call Canine Familiar  Summ           21%        N/A       5%          3
d - Summon Blazeheart Go  Fire/Summ      26%        N/A       26%         4
e - Summon Lightning Spi  Summ/Air       12%        N/A       45%         4

Your spell library contained the following spells:

 Spells                   Type           Power      Damage    Failure   Level
 Fugue of the Fallen      Necr           4%         N/A       38%         3
 Ozocubu's Armour         Ice            4%         N/A       38%         3
 Manifold Assault         Tloc           4%         N/A       80%         4


Dungeon Overview and Level Annotations

Branches:
Dungeon (5/15)
 Temple: D:4-7

Altars:
Gozag
Ru


Innate Abilities, Weirdness & Mutations

You have a pair of small antennae on your head.
Your demonic aura sometimes causes spilled blood to erupt in flames.
Spells you cast may paralyse adjacent enemies.
Your flesh is heat resistant. (rF+)
Your muscles are strong. (Str +4, Int/Dex -1)


Message History

You feel sick.
The adder bites your blazeheart golem but does no damage.
Your blazeheart golem barely misses the adder.
It was a potion of berserk rage.
A red film seems to cover your vision as you go berserk!
You feel yourself moving faster!
You feel mighty!
You feel sick.
The adder bites your blazeheart golem but does no damage.
You feel a strong urge to attack something.
You feel sick. The adder bites your blazeheart golem.
The adder bites your blazeheart golem but does no damage.
Your blazeheart golem punches the adder!
You feel your anger nearly subside.
You feel sick.
The adder bites your blazeheart golem but does no damage.
You are no longer berserk.
You are exhausted.
You feel yourself slow down.
You feel sick.
You are no longer poisoned.
The adder bites your blazeheart golem but does no damage.
The adder bites your blazeheart golem.
Your blazeheart golem barely misses the adder.
The adder bites your blazeheart golem but does no damage.
The adder bites your blazeheart golem but does no damage.
Your blazeheart golem punches the adder!
The adder dies!
The gnoll hits your blazeheart golem with a +0 halberd!
Your blazeheart golem falls apart and the last of its fire goes out.
Casting: Summon Blazeheart Golem (quite dangerous; 26% risk of failure)
Confirm with . or Enter, or press ? or * to list all spells.
You feel a surge of power!
You miscast Summon Blazeheart Golem.
You are very lightly contaminated with residual magic.
Nothing appears to happen.
The hound stops to sniff the ground.
Casting: Summon Blazeheart Golem (quite dangerous; 26% risk of failure)
Confirm with . or Enter, or press ? or * to list all spells.
You feel a surge of power!
You miscast Summon Blazeheart Golem.
You feel uncomfortably hot. You resist.
* * * LOW HITPOINT WARNING * * *
The gnoll hits you from afar with a +0 halberd!
You die...

*#.#,* *,,.. *...,* ####.#
*#.#*####..... #.# #.......# #.#
#.##.#..# ****##### #.###......#,
*******,,,,...####.........###
****,,,,,,,*####.##........#...#.
,,,,,,,,,,,*#gg.@....##.#........
,,,,****#...rh##.##..##.#.......#
~~,,*,,,#....#*#.##.....#.##.....
,,,,*,,,#....**#.##.##...........
~~,,**+*#...,,,..##.##.##.####...
,,,,,,,.....***####.......####...
,,,,,,,.hr#*******####.#######...
**,,,**#..,,,,,,,,...#h#######...
***,,* *,,,,,,,**,......######...


You could see a black bear, 2 gnolls and a quokka.

Vanquished Creatures
  A hound (D:5)
  An orc priest (D:3)
  3 adders
  A gnoll (D:4)
  An ufetubus (D:5)
  A dart slug (D:4)
  3 orcs (D:3)
  2 ball pythons
  2 endoplasms (D:4)
  A giant cockroach (D:1)
  3 goblins
  3 quokkas
  2 bats
  3 frilled lizards (D:1)
  3 rats
30 creatures vanquished.

Vanquished Creatures (collateral kills)
  An ogre (D:3)
  A bombardier beetle (D:4)
  2 iguanas (D:3)
  2 gnolls (D:4)
  6 adders
  An ufetubus (D:5)
  A dart slug (D:4)
  2 orcs (D:3)
  2 endoplasms
  3 giant cockroaches (D:2)
  2 goblins
  3 hobgoblins
  2 quokkas
  2 ball pythons (D:3)
  2 bats (D:2)
  2 frilled lizards
  A kobold (D:1)
35 creatures vanquished.

Grand Total: 65 creatures vanquished

Notes
Turn   | Place    | Note
-------+----------+-------------------------------------------
     0 | D:1      | spaghetti the Demonspawn Summoner began the quest for the
                  | Orb.
     0 | D:1      | Reached XP level 1. HP: 13/13 MP: 3/3
   337 | D:1      | Gained mutation: You have a pair of small antennae on your
                  | head. [demonic ancestry]
   337 | D:1      | Reached XP level 2. HP: 19/19 MP: 2/5
   758 | D:1      | Learned a level 2 spell: Call Imp
  1375 | D:2      | Gained mutation: Spells you cast may paralyse adjacent
                  | enemies. [demonic ancestry]
  1375 | D:2      | Reached XP level 3. HP: 12/24 MP: 2/7
  1379 | D:2      | Learned a level 3 spell: Call Canine Familiar
  1926 | D:3      | Noticed an ogre
  1936 | D:3      | Killed an ogre
  1937 | D:3      | Gained mutation: Your demonic aura sometimes causes spilled
                  | blood to erupt in flames. [demonic ancestry]
  1937 | D:3      | Reached XP level 4. HP: 20/30 MP: 6/10
  1996 | D:3      | Learned a level 4 spell: Summon Blazeheart Golem
  2002 | D:3      | Reached skill level 5 in Spellcasting
  2002 | D:3      | Reached XP level 5. HP: 35/35 MP: 5/12
  2231 | D:3      | Reached skill level 1 in Fire Magic
  2566 | D:3      | Found a sacrificial altar of Ru.
  2633 | D:3      | Gained mutation: Your muscles are strong. (Str +4, Int/Dex
                  | -1) [potion of mutation]
  2633 | D:3      | Gained mutation: Your flesh is heat resistant. (rF+)
                  | [potion of mutation]
  2811 | D:3      | Identified the ring "Miynkyox" {rC+ rN+ rCorr Str+6}
  2994 | D:4      | Reached XP level 6. HP: 27/41 MP: 8/13
  3122 | D:4      | Found the Hermit's Pendant {Faith Invo=14 Evo=0 MP+5}
  3382 | D:4      | Learned a level 4 spell: Summon Lightning Spire
  3507 | D:4      | Found an opulent altar of Gozag.
  3756 | D:5      | Entered Level 5 of the Dungeon
  3771 | D:5      | Reached skill level 5 in Summonings
  4143 | D:5      | Slain by a gnoll

Illustrated notes

Levels and vault maps discovered:
D:1:      minmay_arrival_loop, layout_basic
D:2:      layout_rooms, basic_altar
D:3:      layout_basic, marbit_many_paths
D:4:      layout_gridville, overflow_temple_1_default
D:5:      layout_loops_cross, kennysheep_mini, dreamdust_gnoll_farm

Skill      XL: |  1  2  3  4  5  6 |
---------------+-------------------+-----
Spellcasting   | 3 4 5 |  5.0
Fire Magic     | 1 3 |  3.0
Summonings     | 5 |  5.0
Dodging        | |  1.7
Stealth        | |  1.7

Action                     |  1- 3 |  4- 6 || total
---------------------------+-------+-------++-------
  Melee: Unarmed           |    15 |       ||    15
         Dagger            |    71 |   103 ||   174
   Cast: Summon Small Mamm |    19 |    29 ||    48
         Call Imp          |     9 |    15 ||    24
         Call Canine Famil |     3 |    11 ||    14
         Summon Blazeheart |       |     2 ||     2
    Use: Potion            |       |     7 ||     7
         Scroll            |       |     2 ||     2
   Stab: Sleeping          |     3 |     2 ||     5
         Paralysed         |     1 |    15 ||    16
         Invisible         |       |     4 ||     4
         Distracted        |       |     1 ||     1
 Armour: Robe              |    57 |    54 ||   111
  Dodge: Dodged            |    66 |    65 ||   131
